[Event "23rd Alekhine Master 2019"]
[Site "Voronezh"]
[Date "2019.06.19"]
[Round "7.2"]
[White "Utegaliyev, Azamat"]
[Black "Savchenko, Boris"]
[Result "1/2-1/2"]
[ECO "A13"]
[WhiteElo "2495"]
[BlackElo "2567"]
[Annotator "ChessBase"]
[PlyCount "96"]
[EventDate "2019.06.12"]
[EventType "swiss"]
[EventCountry "RUS"]
[SourceTitle "playchess.com"]
[Source "ChessBase"]
[SourceQuality "1"]
[TimeControl "40/5400+30:1800+30"]

1. c4 e6 2. Nf3 d5 3. e3 c5 4. cxd5 exd5 5. b3 Nc6 6. Bb2 Nf6 7. Bb5 Bd6 8. O-O O-O 9. h3 Bf5 10. d4 cxd4 11. Nxd4 Nxd4 12. Qxd4 Rc8 13. Nc3 a6 14. Be2 Re8 15. Bf3 Be5 16. Qd2 Qd6 17. Rfe1 b5 18. a3 h5 19. Re2 Qe6 20. Rd1 Red8 21. b4 g6 22. a4 bxa4 23. Nxa4 Rc2 24. Qe1 Bxb2 25. Nxb2 Rdc8 26. Na4 R2c4 27. Ra2 Bc2 28. Rda1 Bb3 29. Ra3 Bxa4 30. Rxa4 R8c6 31. Be2 Rc2 32. Bd3 Rb2 33. Rxa6 Rxa6 34. Rxa6 Qe5 35. Qa1 Qc3 36. b5 Nd7 37. Ra2 Rb3 38. Qxc3 Rxc3 39. Be2 Rb3 40. g4 hxg4 41. hxg4 Kf8 42. Rd2 Nb6 43. g5 Ke7 44. Kg2 Kd6 45. Rd4 Rb2 46. Bf1 Kc5 47. Kg3 Rb1 48. Bg2 Kd6 1/2-1/2

[Event "23rd Alekhine Master 2019"]
[Site "Voronezh"]
[Date "2019.06.19"]
[Round "7.3"]
[White "Svetushkin, Dmitry"]
[Black "Kryakvin, Dmitry"]
[Result "1/2-1/2"]
[ECO "B50"]
[WhiteElo "2532"]
[BlackElo "2586"]
[Annotator "ChessBase"]
[PlyCount "86"]
[EventDate "2019.06.12"]
[EventType "swiss"]
[EventCountry "RUS"]
[SourceTitle "playchess.com"]
[Source "ChessBase"]
[SourceQuality "1"]
[TimeControl "40/5400+30:1800+30"]

1. e4 c5 2. Nf3 d6 3. c3 Nf6 4. Be2 Nbd7 5. d3 b6 6. O-O Bb7 7. Nbd2 e5 8. Re1 Be7 9. d4 exd4 10. cxd4 O-O 11. Bd3 cxd4 12. Nxd4 Re8 13. b3 Bf8 14. Bb2 d5 15. exd5 Rxe1+ 16. Qxe1 Nc5 17. Bc4 Nxd5 18. Qe5 Qf6 19. N2f3 Rd8 20. Nf5 Qxe5 21. Nxe5 g6 22. Ne3 Ne6 23. Bxd5 Bxd5 24. N5g4 Be7 25. Nf6+ Bxf6 26. Bxf6 Rd7 27. Nxd5 Rxd5 28. Rc1 Rc5 29. Rd1 Kf8 30. g4 h5 31. h3 Kg8 32. Kg2 g5 33. Rd7 hxg4 34. hxg4 a5 35. Rb7 b5 36. Ra7 b4 37. Kf3 Kh7 38. Be7 Rd5 39. Ke4 Rd4+ 40. Ke3 Rd5 41. f3 Kg6 42. Ra6 Re5+ 43. Kd3 f6 1/2-1/2

[Event "23rd Alekhine Master 2019"]
[Site "Voronezh"]
[Date "2019.06.19"]
[Round "7.4"]
[White "Maiorov, Nikita"]
[Black "Rozum, Ivan"]
[Result "1-0"]
[ECO "B06"]
[WhiteElo "2527"]
[BlackElo "2572"]
[Annotator "ChessBase"]
[PlyCount "65"]
[EventDate "2019.06.12"]
[EventType "swiss"]
[EventCountry "RUS"]
[SourceTitle "playchess.com"]
[Source "ChessBase"]
[SourceQuality "1"]
[TimeControl "40/5400+30:1800+30"]

1. d4 g6 2. e4 Bg7 3. c3 d6 4. Nf3 Nf6 5. Bd3 O-O 6. O-O Nbd7 7. Bg5 h6 8. Bh4 g5 9. Bg3 Nh5 10. Na3 e6 11. Nd2 Nxg3 12. hxg3 f5 13. exf5 exf5 14. Qb3+ Kh8 15. Rae1 Nb6 16. Nac4 Qf6 17. Nxb6 axb6 18. Bc4 Bd7 19. Be6 Be8 20. f4 Bh5 21. Re3 Rae8 22. Rfe1 Re7 23. Nf1 Rfe8 24. Qd5 Bg6 25. Bd7 c6 26. Bxe8 Rxe3 27. Nxe3 cxd5 28. Nxd5 Qf8 29. Bxg6 Qg8 30. Re8 Bf8 31. Ne7 Bxe7 32. Rxg8+ Kxg8 33. Kf2 1-0

[Event "23rd Alekhine Master 2019"]
[Site "Voronezh"]
[Date "2019.06.19"]
[Round "7.5"]
[White "Shariyazdanov, Andrey"]
[Black "Goganov, Aleksey"]
[Result "1/2-1/2"]
[ECO "D11"]
[WhiteElo "2526"]
[BlackElo "2559"]
[Annotator "ChessBase"]
[PlyCount "102"]
[EventDate "2019.06.12"]
[EventType "swiss"]
[EventCountry "RUS"]
[SourceTitle "playchess.com"]
[Source "ChessBase"]
[SourceQuality "1"]
[TimeControl "40/5400+30:1800+30"]

1. d4 d5 2. c4 c6 3. Nf3 Nf6 4. g3 Bf5 5. Nc3 e6 6. Qb3 Qb6 7. c5 Qxb3 8. axb3 Be7 9. b4 O-O 10. Bf4 a6 11. Nd2 Nbd7 12. f3 Bg6 13. e4 h6 14. Be2 Rad8 15. Nb3 dxe4 16. Na5 Nb8 17. O-O-O Rd7 18. Nc4 exf3 19. Bxf3 Nd5 20. Nxd5 cxd5 21. Ne5 Rdd8 22. Nxg6 fxg6 23. Bg4 Nc6 24. Rhe1 Nxb4 25. Rxe6 Nc6 26. Rde1 Bf6 27. Bc7 Ra8 28. Rd6 Nxd4 29. Rxd5 a5 30. Re4 Nf5 31. Bf4 a4 32. Rb4 a3 33. bxa3 Rxa3 34. Rxb7 Re8 35. Rb8 Rxb8 36. Bxb8 Ne3 37. Be6+ Kh7 38. Rd7 Rc3+ 39. Kd2 Nf1+ 40. Ke2 Nxh2 41. Bd6 Nf3 42. Bd5 Nd4+ 43. Ke1 Bg5 44. g4 Be3 45. Kf1 Rc2 46. Be4 Rf2+ 47. Ke1 Re2+ 48. Kf1 Rd2 49. Be5 Rf2+ 50. Ke1 Re2+ 51. Kf1 Rf2+ 1/2-1/2

[Event "23rd Alekhine Master 2019"]
[Site "Voronezh"]
[Date "2019.06.19"]
[Round "7.6"]
[White "Zakhartsov, Vladimir"]
[Black "Meshkovs, Nikita"]
[Result "0-1"]
[ECO "A62"]
[WhiteElo "2480"]
[BlackElo "2550"]
[Annotator "ChessBase"]
[PlyCount "74"]
[EventDate "2019.06.12"]
[EventType "swiss"]
[EventCountry "RUS"]
[SourceTitle "playchess.com"]
[Source "ChessBase"]
[SourceQuality "1"]
[TimeControl "40/5400+30:1800+30"]

1. d4 Nf6 2. c4 e6 3. g3 c5 4. d5 exd5 5. cxd5 g6 6. Bg2 d6 7. Nc3 Bg7 8. Nf3 O-O 9. O-O Re8 10. Bf4 Bf5 11. Nd2 Nh5 12. Be3 Nd7 13. Qb3 b5 14. Nxb5 Rb8 15. Qa4 Ne5 16. Nc4 Nxc4 17. Qxc4 Qd7 18. a4 a6 19. Na3 Bxb2 20. Ra2 Rb4 21. Rxb2 Rxb2 22. Qxa6 Bg4 23. Re1 Ra2 24. Nb5 Bxe2 25. Qc6 Bxb5 26. axb5 Nf6 27. b6 Rb2 28. Rd1 Rb8 29. Bxc5 dxc5 30. Qxf6 R8xb6 31. Qe5 Rb1 32. Rf1 Qd6 33. Qe4 Rxf1+ 34. Bxf1 Qf6 35. Bb5 Qd4 36. Qe7 Kg7 37. Bc6 c4 0-1

[Event "23rd Alekhine Master 2019"]
[Site "Voronezh"]
[Date "2019.06.19"]
[Round "7.7"]
[White "Ruiz Castillo, Joshua Daniel"]
[Black "Puranik, Abhimanyu"]
[Result "1-0"]
[ECO "C78"]
[WhiteElo "2472"]
[BlackElo "2548"]
[Annotator "ChessBase"]
[PlyCount "91"]
[EventDate "2019.06.12"]
[EventType "swiss"]
[EventCountry "RUS"]
[SourceTitle "playchess.com"]
[Source "ChessBase"]
[SourceQuality "1"]
[TimeControl "40/5400+30:1800+30"]

1. e4 e5 2. Nf3 Nc6 3. Bb5 a6 4. Ba4 Nf6 5. O-O b5 6. Bb3 Bb7 7. Qe2 Bc5 8. c3 d6 9. d3 h6 10. Nbd2 O-O 11. Rd1 Re8 12. Nf1 Bb6 13. Ng3 Bc8 14. h3 Be6 15. Bc2 d5 16. d4 exd4 17. e5 Nd7 18. cxd4 f6 19. Qd3 Nf8 20. Qc3 Nb8 21. a4 Nbd7 22. exf6 Nxf6 23. a5 Ba7 24. Bf4 c5 25. dxc5 Bxc5 26. Qxc5 Rc8 27. Qb6 Rxc2 28. Nd4 Rc4 29. Qxa6 Bd7 30. b3 Rc3 31. Nxb5 Re6 32. Qb7 Bc8 33. Qa8 Ra6 34. Qxa6 Bxa6 35. Nxc3 Ng6 36. Be3 Qb8 37. Bb6 Nf4 38. b4 Qb7 39. Rd4 Ne4 40. Ngxe4 dxe4 41. b5 Bxb5 42. Nxb5 Qc6 43. Rd8+ Kh7 44. Be3 Ne2+ 45. Kh1 Qxb5 46. a6 1-0

[Event "23rd Alekhine Master 2019"]
[Site "Voronezh"]
[Date "2019.06.19"]
[Round "7.8"]
[White "Tsydypov, Zhamsaran"]
[Black "Golubov, Saveliy"]
[Result "0-1"]
[ECO "C42"]
[WhiteElo "2573"]
[BlackElo "2460"]
[Annotator "ChessBase"]
[PlyCount "56"]
[EventDate "2019.06.12"]
[EventType "swiss"]
[EventCountry "RUS"]
[SourceTitle "playchess.com"]
[Source "ChessBase"]
[SourceQuality "1"]
[TimeControl "40/5400+30:1800+30"]

1. e4 e5 2. Nf3 Nf6 3. Nxe5 d6 4. Nf3 Nxe4 5. d4 d5 6. Bd3 Bd6 7. O-O O-O 8. c4 c6 9. Qc2 Na6 10. a3 Bg4 11. Ne5 Bxe5 12. dxe5 Nac5 13. f3 Nxd3 14. Qxd3 Nc5 15. Qd4 Nb3 16. Qxg4 Nxa1 17. Bh6 g6 18. Nc3 Qb6+ 19. Rf2 Rfe8 20. Qh4 Rxe5 21. Ne4 f5 22. c5 Qc7 23. Nf6+ Kf7 24. Rf1 Nb3 25. Bg5 Rh8 26. Nxh7 Ke6 27. Bf4 Qxh7 28. Qf2 Qh4 0-1

[Event "23rd Alekhine Master 2019"]
[Site "Voronezh"]
[Date "2019.06.19"]
[Round "7.9"]
[White "Shaposhnikov, Evgeny"]
[Black "Harutjunyan, Gevorg"]
[Result "1/2-1/2"]
[ECO "D02"]
[WhiteElo "2572"]
[BlackElo "2446"]
[Annotator "ChessBase"]
[PlyCount "108"]
[EventDate "2019.06.12"]
[EventType "swiss"]
[EventCountry "RUS"]
[SourceTitle "playchess.com"]
[Source "ChessBase"]
[SourceQuality "1"]
[TimeControl "40/5400+30:1800+30"]

1. Nf3 d5 2. d4 Nc6 3. c4 Bg4 4. Nc3 e6 5. cxd5 exd5 6. Bf4 Bd6 7. Bg3 a6 8. e3 Nge7 9. Be2 O-O 10. Rc1 Rc8 11. a3 h6 12. Na4 Bxg3 13. hxg3 Qd6 14. Nc5 Rb8 15. Qb3 Nf5 16. Qa4 Qe7 17. Rc3 Bxf3 18. gxf3 Rfe8 19. Nxa6 bxa6 20. Qxc6 Rxb2 21. Bd1 Nxd4 22. Qxd5 Qf6 23. Rxc7 Rd8 24. Rd7 Rxd7 25. Qxd7 Nxf3+ 26. Bxf3 Qxf3 27. O-O Rb5 28. Qd8+ Kh7 29. Qd1 Qxd1 30. Rxd1 Rb3 31. a4 Rb4 32. a5 Rb5 33. Ra1 f5 34. Kg2 Kg6 35. Kf3 Kf6 36. g4 g6 37. Ra4 fxg4+ 38. Kxg4 h5+ 39. Kh4 Rf5 40. f4 g5+ 41. Kg3 Rb5 42. fxg5+ Kxg5 43. Kf3 Rf5+ 44. Kg3 Re5 45. Kf3 h4 46. Rg4+ Kh5 47. Rg8 Rf5+ 48. Ke4 Rg5 49. Rxg5+ Kxg5 50. Kf3 Kf5 51. Kg2 Kg4 52. Kh2 Kf3 53. Kh3 Kxe3 54. Kxh4 Ke4 1/2-1/2

[Event "23rd Alekhine Master 2019"]
[Site "Voronezh"]
[Date "2019.06.19"]
[Round "7.10"]
[White "Fedorov, Alexei"]
[Black "Nikitenko, Mihail"]
[Result "1-0"]
[ECO "C00"]
[WhiteElo "2553"]
[BlackElo "2424"]
[Annotator "ChessBase"]
[PlyCount "47"]
[EventDate "2019.06.12"]
[EventType "swiss"]
[EventCountry "RUS"]
[SourceTitle "playchess.com"]
[Source "ChessBase"]
[SourceQuality "1"]
[TimeControl "40/5400+30:1800+30"]

1. e4 e6 2. f4 d5 3. e5 c5 4. Nf3 Nc6 5. c3 Qb6 6. Na3 Bd7 7. Nc2 Nh6 8. Rb1 f6 9. b4 cxb4 10. cxb4 Ng4 11. Qe2 Rc8 12. a3 fxe5 13. fxe5 Bc5 14. Bb2 Bf2+ 15. Kd1 Qc7 16. Rc1 Ne7 17. h3 Ba4 18. Nfe1 Nf5 19. hxg4 Ng3 20. Qxf2 Nxh1 21. Qh4 Qf7 22. Qxh1 Qf4 23. Bd3 Qxg4+ 24. Nf3 1-0

[Event "23rd Alekhine Master 2019"]
[Site "Voronezh"]
[Date "2019.06.19"]
[Round "7.11"]
[White "Schekachikhin, Maksim"]
[Black "Iljiushenok, Ilia"]
[Result "1/2-1/2"]
[ECO "A45"]
[WhiteElo "2424"]
[BlackElo "2549"]
[Annotator "ChessBase"]
[PlyCount "148"]
[EventDate "2019.06.12"]
[EventType "swiss"]
[EventCountry "RUS"]
[SourceTitle "playchess.com"]
[Source "ChessBase"]
[SourceQuality "1"]
[TimeControl "40/5400+30:1800+30"]

1. d4 Nf6 2. Bg5 Ne4 3. Bf4 c5 4. f3 Qa5+ 5. c3 Nf6 6. d5 e6 7. e4 exd5 8. exd5 d6 9. Na3 Be7 10. Ne2 b5 11. g4 Na6 12. g5 Nh5 13. Bd2 h6 14. Ng3 hxg5 15. Bxb5+ Kf8 16. Nxh5 Rxh5 17. Qe2 Nc7 18. Bc6 Rb8 19. O-O Qa6 20. Nc4 Bf6 21. Rfe1 Be6 22. Ne3 Qxe2 23. Rxe2 Bc8 24. b3 Ba6 25. Ree1 Bb5 26. Bxb5 Nxb5 27. Rac1 g6 28. a4 Nc7 29. b4 Be5 30. Ng4 Bg7 31. bxc5 dxc5 32. c4 f5 33. Ne5 Rb2 34. Rcd1 Ne8 35. Nxg6+ Kf7 36. Re7+ Kxg6 37. Rxe8 Rh4 38. Re6+ Kf7 39. Re7+ Kxe7 40. Bxg5+ Bf6 41. d6+ Kd7 42. Bxf6 Rbxh2 43. Bxh4 Rxh4 44. Rd5 Rxc4 45. Kf2 f4 46. a5 Rc2+ 47. Ke1 a6 48. Kd1 Rf2 49. Rxc5 Kxd6 50. Rf5 Rxf3 51. Rf6+ Ke5 52. Rxa6 Rf2 53. Ke1 Ra2 54. Rb6 Kf5 55. Rb3 Kg4 56. Kf1 Rxa5 57. Kf2 Ra2+ 58. Kf1 Rh2 59. Ra3 Rb2 60. Rc3 Rb5 61. Kg2 Re5 62. Kf2 Re6 63. Ra3 Rh6 64. Kg2 Rb6 65. Rc3 Rb2+ 66. Kf1 Rh2 67. Kg1 Rh3 68. Rxh3 Kxh3 69. Kf2 Kg4 70. Kg2 f3+ 71. Kf2 Kf4 72. Kf1 Ke3 73. Ke1 f2+ 74. Kf1 Kf3 1/2-1/2

[Event "23rd Alekhine Master 2019"]
[Site "Voronezh"]
[Date "2019.06.19"]
[Round "7.12"]
[White "Afanasiev, Nikita"]
[Black "Grinev, Valeriy"]
[Result "1/2-1/2"]
[ECO "B42"]
[WhiteElo "2524"]
[BlackElo "2422"]
[Annotator "ChessBase"]
[PlyCount "121"]
[EventDate "2019.06.12"]
[EventType "swiss"]
[EventCountry "RUS"]
[SourceTitle "playchess.com"]
[Source "ChessBase"]
[SourceQuality "1"]
[TimeControl "40/5400+30:1800+30"]

1. e4 c5 2. Nf3 e6 3. d4 cxd4 4. Nxd4 a6 5. Bd3 Bc5 6. Nb3 Be7 7. Qg4 g6 8. Qe2 d6 9. O-O Nd7 10. Nc3 Qc7 11. a4 b6 12. f4 Ngf6 13. Be3 Bb7 14. Rae1 O-O 15. Bd4 Nc5 16. Nd2 Nxd3 17. cxd3 e5 18. Be3 exf4 19. Bxf4 b5 20. Bg5 Qc5+ 21. Qe3 Qxe3+ 22. Bxe3 b4 23. Nd1 Ng4 24. Bf4 Ne5 25. Nf2 Rac8 26. Rc1 Rxc1 27. Rxc1 Rc8 28. Rxc8+ Bxc8 29. d4 g5 30. Bxe5 dxe5 31. d5 Bc5 32. Kf1 a5 33. Nd3 Ba6 34. Ke2 Bb6 35. b3 Bd4 36. Nc4 Bxc4 37. bxc4 b3 38. Kd2 f5 39. c5 Kf7 40. c6 Ke7 41. exf5 e4 42. f6+ Bxf6 43. c7 Kd7 44. Nc5+ Kxc7 45. Nxb3 Kd6 46. Nxa5 Kxd5 47. Nb3 Kc4 48. Nc1 g4 49. a5 Bg5+ 50. Ke2 Kb5 51. Nb3 h5 52. Nd2 h4 53. Nxe4 Bf4 54. h3 gxh3 55. gxh3 Bc7 56. Kf3 Bxa5 57. Kg4 Bd8 58. Ng5 Kc6 59. Kxh4 Kd7 60. Kh5 Bxg5 61. Kxg5 1/2-1/2

[Event "23rd Alekhine Master 2019"]
[Site "Voronezh"]
[Date "2019.06.19"]
[Round "7.13"]
[White "Grachev, Alexey"]
[Black "Visakh N R"]
[Result "0-1"]
[ECO "B09"]
[WhiteElo "2293"]
[BlackElo "2518"]
[Annotator "ChessBase"]
[PlyCount "60"]
[EventDate "2019.06.12"]
[EventType "swiss"]
[EventCountry "RUS"]
[SourceTitle "playchess.com"]
[Source "ChessBase"]
[SourceQuality "1"]
[TimeControl "40/5400+30:1800+30"]

1. e4 g6 2. d4 Bg7 3. Nc3 d6 4. f4 Nf6 5. Nf3 O-O 6. Bd3 Nc6 7. Be2 d5 8. e5 Ne4 9. O-O Bf5 10. Nh4 Nxc3 11. bxc3 Be4 12. f5 f6 13. fxg6 fxe5 14. gxh7+ Bxh7 15. Rxf8+ Qxf8 16. Bg5 Bf6 17. Bxf6 Qxf6 18. Nf3 e4 19. Nd2 e5 20. Nb3 Rf8 21. Qe1 Qg5 22. Bb5 e3 23. Bxc6 bxc6 24. h4 Qf4 25. Nc5 exd4 26. cxd4 e2 27. Qc3 Qf2+ 28. Kh2 Qxh4+ 29. Kg1 Qf2+ 30. Kh2 Rf4 0-1

[Event "23rd Alekhine Master 2019"]
[Site "Voronezh"]
[Date "2019.06.19"]
[Round "7.14"]
[White "Belyakov, Bogdan"]
[Black "Ulko, Jaroslav"]
[Result "1/2-1/2"]
[ECO "A53"]
[WhiteElo "2483"]
[BlackElo "2438"]
[Annotator "ChessBase"]
[PlyCount "81"]
[EventDate "2019.06.12"]
[EventType "swiss"]
[EventCountry "RUS"]
[SourceTitle "playchess.com"]
[Source "ChessBase"]
[SourceQuality "1"]
[TimeControl "40/5400+30:1800+30"]

1. d4 Nf6 2. c4 d6 3. Nc3 Nbd7 4. e4 e5 5. Nf3 g6 6. Bg5 Bg7 7. d5 O-O 8. h3 a5 9. g4 Nc5 10. Nd2 c6 11. Rg1 a4 12. Qc2 Bd7 13. Be2 Qa5 14. O-O-O cxd5 15. exd5 a3 16. b3 e4 17. Rg3 Qb4 18. Re3 Rfe8 19. Kb1 Rac8 20. Bf4 Na4 21. Nxa4 Nxd5 22. Bg3 Bxa4 23. Nf1 Nxe3 24. Nxe3 Bc6 25. Bxd6 Qa5 26. c5 Qd8 27. Be5 Qh4 28. Bxg7 Kxg7 29. Nc4 Re7 30. Nd6 Rb8 31. b4 b6 32. b5 bxc5 33. Qxc5 Qf6 34. Qxa3 Qxf2 35. Nf5+ gxf5 36. Qxe7 Qxe2 37. Qg5+ Kf8 38. Qh6+ Kg8 39. Qg5+ Kf8 40. Qh6+ Kg8 41. Qg5+ 1/2-1/2

[Event "23rd Alekhine Master 2019"]
[Site "Voronezh"]
[Date "2019.06.20"]
[Round "8.2"]
[White "Meshkovs, Nikita"]
[Black "Pavlov, Sergey"]
[Result "1/2-1/2"]
[ECO "E04"]
[WhiteElo "2550"]
[BlackElo "2473"]
[Annotator "ChessBase"]
[PlyCount "76"]
[EventDate "2019.06.12"]
[EventType "swiss"]
[EventCountry "RUS"]
[SourceTitle "playchess.com"]
[Source "ChessBase"]
[SourceQuality "1"]
[TimeControl "40/5400+30:1800+30"]

1. d4 Nf6 2. c4 e6 3. g3 d5 4. Nf3 dxc4 5. Bg2 Bb4+ 6. Bd2 a5 7. Qc2 Bxd2+ 8. Qxd2 c6 9. a4 b5 10. axb5 cxb5 11. Qg5 O-O 12. Qxb5 Ba6 13. Qxa5 Bb7 14. Qxd8 Rxa1 15. Qxf8+ Kxf8 16. O-O Ra2 17. Ne5 Ba6 18. Nc3 Rxb2 19. Ra1 Rb3 20. Rc1 Nbd7 21. Nc6 Nb6 22. e4 Ra3 23. f3 Na4 24. Nd1 Nd7 25. Nb4 Bb5 26. Kf2 Rb3 27. Nc2 Nb2 28. Nxb2 Rxb2 29. Ke1 c3 30. Bf1 Ba4 31. Ne3 Rxh2 32. Rxc3 Rb2 33. Be2 Ke7 34. d5 Rb3 35. Kd2 Rb2+ 36. Ke1 Rb3 37. Kd2 Rb2+ 38. Ke1 Rb3 1/2-1/2

[Event "23rd Alekhine Master 2019"]
[Site "Voronezh"]
[Date "2019.06.20"]
[Round "8.3"]
[White "Ruiz Castillo, Joshua Daniel"]
[Black "Utegaliyev, Azamat"]
[Result "1/2-1/2"]
[ECO "C88"]
[WhiteElo "2472"]
[BlackElo "2495"]
[Annotator "ChessBase"]
[PlyCount "115"]
[EventDate "2019.06.12"]
[EventType "swiss"]
[EventCountry "RUS"]
[SourceTitle "playchess.com"]
[Source "ChessBase"]
[SourceQuality "1"]
[TimeControl "40/5400+30:1800+30"]

1. e4 e5 2. Nf3 Nc6 3. Bb5 a6 4. Ba4 Nf6 5. O-O Be7 6. Re1 b5 7. Bb3 O-O 8. a4 Bb7 9. d3 d6 10. Na3 Nd4 11. Nxd4 exd4 12. c3 dxc3 13. bxc3 c5 14. Rb1 Bc6 15. Bc2 b4 16. cxb4 cxb4 17. Nc4 d5 18. Ne5 Bb7 19. Bb2 Rc8 20. f3 Qc7 21. Bb3 Bd6 22. Rc1 Qb6+ 23. Kh1 Qf2 24. Rxc8 Rxc8 25. Qa1 Qh4 26. g3 Qh3 27. Kg1 h5 28. Re2 Re8 29. f4 Re7 30. exd5 Bxd5 31. Bxd5 Nxd5 32. Qf1 Qf5 33. Qf3 Nc3 34. Bxc3 bxc3 35. Qd5 Ba3 36. Rc2 Qc8 37. Kg2 h4 38. Qb3 h3+ 39. Kf3 Qa8+ 40. Kg4 Qc8+ 41. Kf3 Bb2 42. Qd5 Qb7 43. Qxb7 Rxb7 44. Nc4 Kf8 45. Ke2 Rb4 46. a5 Ra4 47. Nxb2 Ra2 48. Rxc3 Rxb2+ 49. Kf3 Rxh2 50. Rc6 Rh1 51. Kg4 h2 52. Kh3 Ra1 53. Kxh2 Rxa5 54. Rc7 Rd5 55. Ra7 Rd6 56. Kg2 g6 57. Kf2 Rxd3 58. Rxa6 1/2-1/2

[Event "23rd Alekhine Master 2019"]
[Site "Voronezh"]
[Date "2019.06.20"]
[Round "8.4"]
[White "Kryakvin, Dmitry"]
[Black "Shariyazdanov, Andrey"]
[Result "1-0"]
[ECO "A37"]
[WhiteElo "2586"]
[BlackElo "2526"]
[Annotator "ChessBase"]
[PlyCount "69"]
[EventDate "2019.06.12"]
[EventType "swiss"]
[EventCountry "RUS"]
[SourceTitle "playchess.com"]
[Source "ChessBase"]
[SourceQuality "1"]
[TimeControl "40/5400+30:1800+30"]

1. Nf3 c5 2. g3 Nc6 3. Bg2 g6 4. c4 Bg7 5. Nc3 e6 6. h4 Nf6 7. d4 cxd4 8. Nxd4 d5 9. cxd5 exd5 10. Nb3 O-O 11. Bg5 h6 12. Bf4 Be6 13. O-O d4 14. Nb5 Nd5 15. Bd6 Re8 16. Bc5 Qd7 17. Ba3 a6 18. Nc5 Qd8 19. Nxb7 Qb6 20. N5d6 Reb8 21. Nc5 Ncb4 22. Nxe6 fxe6 23. Ne4 Rd8 24. Qb3 Rab8 25. Rac1 a5 26. Bh3 Kh7 27. Nc5 e5 28. Nd7 Rxd7 29. Bxd7 Qd6 30. Bc6 Nf6 31. Bxb4 Rxb4 32. Qc2 d3 33. Qxd3 Rd4 34. Qa3 Qe6 35. Bg2 1-0

[Event "23rd Alekhine Master 2019"]
[Site "Voronezh"]
[Date "2019.06.20"]
[Round "8.5"]
[White "Savchenko, Boris"]
[Black "Svetushkin, Dmitry"]
[Result "1-0"]
[ECO "A06"]
[WhiteElo "2567"]
[BlackElo "2532"]
[Annotator "ChessBase"]
[PlyCount "77"]
[EventDate "2019.06.12"]
[EventType "swiss"]
[EventCountry "RUS"]
[SourceTitle "playchess.com"]
[Source "ChessBase"]
[SourceQuality "1"]
[TimeControl "40/5400+30:1800+30"]

1. Nf3 d5 2. g3 c6 3. Bg2 Bg4 4. c4 e6 5. cxd5 Bxf3 6. Bxf3 cxd5 7. O-O Nc6 8. a3 Be7 9. e3 Nf6 10. b3 h5 11. Bb2 Qd7 12. d3 Bd6 13. Nd2 h4 14. b4 hxg3 15. hxg3 e5 16. Rc1 Qh3 17. Re1 Ng4 18. Bg2 Qh5 19. Qa4 O-O 20. Qb5 Ne7 21. Nf1 a6 22. Qxb7 Nxf2 23. Kxf2 Qf5+ 24. Kg1 Rfb8 25. e4 Qe6 26. exd5 Qf5 27. Ne3 Rxb7 28. Nxf5 Nxf5 29. Rc6 Rd8 30. Rxa6 Nd4 31. Kf2 f5 32. Rxd6 Rxd6 33. Rxe5 Nb5 34. a4 Nc7 35. Re7 Kf8 36. Rxg7 Rxb4 37. Be5 Rxd5 38. Bxd5 Nxd5 39. Rd7 1-0

[Event "23rd Alekhine Master 2019"]
[Site "Voronezh"]
[Date "2019.06.20"]
[Round "8.6"]
[White "Goganov, Aleksey"]
[Black "Visakh N R"]
[Result "0-1"]
[ECO "E10"]
[WhiteElo "2559"]
[BlackElo "2518"]
[Annotator "ChessBase"]
[PlyCount "92"]
[EventDate "2019.06.12"]
[EventType "swiss"]
[EventCountry "RUS"]
[SourceTitle "playchess.com"]
[Source "ChessBase"]
[SourceQuality "1"]
[TimeControl "40/5400+30:1800+30"]

1. d4 Nf6 2. c4 e6 3. Nf3 d5 4. g3 Bb4+ 5. Bd2 Bd6 6. Bg2 c6 7. O-O O-O 8. Bg5 Nbd7 9. Nc3 h6 10. Bxf6 Nxf6 11. Qd3 b6 12. e4 Ba6 13. e5 Bxc4 14. Qe3 Bxf1 15. Rxf1 Be7 16. exf6 Bxf6 17. Ne2 Rc8 18. Ne5 c5 19. f4 Qd6 20. h4 cxd4 21. Nxd4 Qb4 22. Rf2 Bxe5 23. fxe5 Qc4 24. Kh2 Qxa2 25. g4 Qb1 26. g5 hxg5 27. Qxg5 Qh7 28. Rf4 Qh6 29. Qg3 Rc1 30. Rf6 Qd2 31. Rf4 Rc4 32. Qg4 Qe3 33. b3 Rxd4 34. Rxd4 Qxe5+ 35. Kh1 Qe1+ 36. Kh2 Qe5+ 37. Kh1 f5 38. Qd1 Rc8 39. Qd2 Qg3 40. b4 Rc3 41. Kg1 Ra3 42. Rf4 Ra1+ 43. Rf1 Rxf1+ 44. Kxf1 Qxh4 45. Qb2 Qf4+ 46. Kg1 Qe3+ 0-1

[Event "23rd Alekhine Master 2019"]
[Site "Voronezh"]
[Date "2019.06.20"]
[Round "8.8"]
[White "Rozum, Ivan"]
[Black "Zakhartsov, Vladimir"]
[Result "1-0"]
[ECO "E15"]
[WhiteElo "2572"]
[BlackElo "2480"]
[Annotator "ChessBase"]
[PlyCount "161"]
[EventDate "2019.06.12"]
[EventType "swiss"]
[EventCountry "RUS"]
[SourceTitle "playchess.com"]
[Source "ChessBase"]
[SourceQuality "1"]
[TimeControl "40/5400+30:1800+30"]

1. d4 Nf6 2. Nf3 e6 3. c4 b6 4. g3 Ba6 5. Qa4 Bb7 6. Bg2 c5 7. dxc5 bxc5 8. O-O Be7 9. Nc3 O-O 10. Rd1 Qb6 11. Bf4 d6 12. Rab1 Nbd7 13. b4 Rfb8 14. Be3 Bc6 15. Qc2 Qc7 16. b5 Bb7 17. a4 Rd8 18. Bf4 h6 19. h3 Nh5 20. Bc1 Nhf6 21. e4 a5 22. Qe2 Bf8 23. Bf4 Nh5 24. Bd2 Nhf6 25. Be1 Nb6 26. Nd2 d5 27. cxd5 exd5 28. exd5 c4 29. d6 Rxd6 30. Bxb7 Qxb7 31. Nxc4 Re6 32. Qd3 Nxc4 33. Qxc4 Rae8 34. Bd2 Bb4 35. Rbc1 Rd6 36. Be3 Rc8 37. Qb3 Rxd1+ 38. Nxd1 Rxc1 39. Bxc1 Qc8 40. Bb2 Ne4 41. Qd3 Nc5 42. Qd4 Ne6 43. Qd5 Nc5 44. Bd4 Nxa4 45. b6 Nxb6 46. Bxb6 a4 47. Qb5 Bf8 48. Qxa4 Qxh3 49. Qe8 Qf5 50. Qd8 Qe5 51. Ne3 Qe7 52. Qxe7 Bxe7 53. Bd4 h5 54. Kg2 Kh7 55. Kf3 Bd8 56. Nd5 f5 57. Kf4 Kg6 58. Bc5 Bg5+ 59. Ke5 h4 60. gxh4 Bxh4 61. Ne7+ Kf7 62. Nxf5 Bf6+ 63. Ke4 g6 64. Ne3 Ke6 65. Ng4 Bd8 66. Bd4 Bc7 67. Ne5 Kf6 68. Nf3+ Ke6 69. Ng5+ Ke7 70. Kd5 Bf4 71. Nf3 Bc7 72. Ne1 Kf7 73. Nd3 Ke7 74. Nb4 Kf7 75. Nc6 g5 76. Ne5+ Kf6 77. Ke4 Ke6 78. f3 Bd8 79. Nc6 Bc7 80. Be5 Bb6 81. Nd4+ {[%emt 0:00:07] Kd5+} 1-0

[Event "23rd Alekhine Master 2019"]
[Site "Voronezh"]
[Date "2019.06.20"]
[Round "8.10"]
[White "Iljiushenok, Ilia"]
[Black "Kabanov, Nikolai"]
[Result "1/2-1/2"]
[ECO "C78"]
[WhiteElo "2549"]
[BlackElo "2455"]
[Annotator "ChessBase"]
[PlyCount "87"]
[EventDate "2019.06.12"]
[EventType "swiss"]
[EventCountry "RUS"]
[SourceTitle "playchess.com"]
[Source "ChessBase"]
[SourceQuality "1"]
[TimeControl "40/5400+30:1800+30"]

1. e4 e5 2. Nf3 Nc6 3. Bb5 a6 4. Ba4 Nf6 5. O-O b5 6. Bb3 Bc5 7. c3 d6 8. d4 Bb6 9. a4 Rb8 10. Bg5 h6 11. Bh4 Bg4 12. axb5 axb5 13. Qd3 Bxf3 14. Bd5 Nxd4 15. cxd4 Bg4 16. dxe5 dxe5 17. Qg3 g5 18. Qxe5+ Kf8 19. Bg3 Kg7 20. b4 Re8 21. Qb2 Kg8 22. Nc3 Bd4 23. Qb3 Nxd5 24. Nxd5 Rc8 25. Rae1 c6 26. Ne3 Be6 27. Qb1 Ra8 28. e5 Qb6 29. Nf5 Bxf5 30. Qxf5 Re6 31. h4 Qd8 32. Re4 Ra1 33. Rxa1 Bxa1 34. Rg4 Bxe5 35. hxg5 Qd1+ 36. Kh2 Bxg3+ 37. Rxg3 hxg5 38. Rxg5+ Kf8 39. Rh5 Qd6+ 40. g3 Rh6 41. Qc8+ Ke7 42. Qb7+ Kf8 43. Qc8+ Ke7 44. Qb7+ 1/2-1/2